cohdb
Replays
Latest Replays
All Replays
Popular Replays
Top Player Replays
Match Explorer
How It Works
Community
CoH3 Stats
Reddit
Sign in to upload your games and track your stats! →
Sign in with Steam
Match 39963577
Unlisted
Match 39963577
Overview
Messages
Build Orders
End
Construct Weapon Support Center
Engineer Squad
Engineer Squad
Selects Heavy Weapons
M1919 Machine Gun Team
M1919 Machine Gun Team
Mortar Pit
Bazooka Squad
Selects Assault Carriers
Mechanized Support Center
Construct Medical Station
M3 Assault Carrier
Selects M2HB .50cal Heavy Machine Gun
Designate Forward Repair Station
M1919 Machine Gun Team
Construct Motor Pool
Selects Exchangeable Parts
Construct Barracks
Riflemen Squad
Riflemen Squad
M3 75 mm Gun Motor Carriage
M3 75 mm Gun Motor Carriage
M3 75 mm Gun Motor Carriage
M1918 Browning Automatic Rifles
.30 cal Machine Gun
.30 cal Machine Gun
M3 75 mm Gun Motor Carriage
Improvised Armor
Rapid Repairs
Salvage Crew
M1919 Machine Gun Team
Dark Knight
ProxyFox
EisregenKubus0
Monkey CPU
Kenan
Hans Landa
Papa Mussolini's Pizza Service
Peirithoos
0
0
Comments
sign in to comment!
No comments posted yet!